Map: Orbital Shipyard

Players

xKawaiian - Winner!

  • Race: Terran Terran
  • League: Master

KiFirE

  • Race: Protoss Protoss
  • League: Grandmaster

VOD

Have the link to the VOD?

Description

Time

  • Played on: Jan. 13, 2016, 8:42 p.m.
  • Length: 12:55
Show
View Real Time Build Order
Export as new Build Order

xKawaiian Terran - Winner!

Build Orders: Reaper Expand, MMM Bio 

Get SALT Encoding   

  12  0:00  SCV  
  13  0:13  SCV  
  14  0:17  Supply Depot  
  14  0:25  SCV  
  15  0:39  SCV  
  15  0:41  Barracks  
  16  0:46  Refinery  
  16  0:51  SCV  
  17  1:03  SCV  
  18  1:15  SCV  
  19  1:29  Orbital Command  
  19  1:31  Reaper  
  20  1:39  Command Center  
  20  1:51  Supply Depot  
  20  1:55  SCV  
  21  2:03  Barracks Reactor  
  21  2:07  SCV  
  22  2:09  Barracks  
  22  2:19  SCV  
  22  2:22  Barracks  
  23  2:27  Engineering Bay  
  23  2:35  SCV  
  23  2:36  Factory  
  24  2:42  Marine x2  
  26  2:55  Missile Turret  
  26  2:56  Missile Turret, Marine  
  27  3:00  Marine x2  
  27  3:01  SCV  
  30  3:12  Bunker  
  30  3:16  Orbital Command  
  30  3:17  Marine  
  30  3:19  Factory Tech Lab  
  31  3:24  Refinery, Marine  
  31  3:26  SCV  
  33  3:34  Marine  
  34  3:37  Marine  
  34  3:38  SCV  
  34  3:39  Cyclone  
  38  3:44  Marine  
  39  3:51  Marine  
  39  3:53  SCV  
  39  3:55  Marine  
  42  4:01  Marine  
  43  4:03  SCV  
  43  4:09  Marine  
  44  4:12  SCV  
  44  4:13  Marine  
  45  4:19  Marine  
  45  4:27  Marine  
  44  4:31  SCV  
  44  4:34  SCV  
  44  4:38  Barracks Tech Lab, Marine  
  46  4:42  Barracks  
  46  4:45  Supply Depot  
  46  4:50  SCV x2, Marine  
  49  4:56  Marine  
  49  4:58  Stimpack, Starport  
  49  4:59  Marine  
  51  5:02  SCV x2  
  53  5:16  Supply Depot x2  
  53  5:20  Terran Infantry Weapons Level 1  
  53  5:21  Marine  
  54  5:29  Refinery  
  54  5:37  SCV, Marine x3  
  54  5:38  Supply Depot  
  54  5:39  Medivac  
  54  5:40  Marine  
  61  5:55  Marine  
  62  5:59  Marine x3  
  62  6:00  SCV x2  
  67  6:07  Supply Depot  
  67  6:08  Supply Depot  
  67  6:12  Marine  
  67  6:17  Marine x3  
  71  6:24  Medivac  
  71  6:25  Cyclone  
  72  6:26  SCV  
  72  6:30  Marine  
  74  6:33  SCV  
  74  6:35  Marine x3  
  74  6:38  SCV  
  79  6:45  SCV  
  80  6:48  Marine  
  80  6:50  SCV  
  80  6:53  Marine x3  
  85  6:58  SCV  
  86  7:18  Starport Reactor  
  86  7:19  Command Center  
  86  7:27  Barracks  
  86  7:29  Barracks  
  86  7:30  SCV, Marine  
  86  7:32  SCV  
  86  7:34  Refinery  
  86  7:35  Supply Depot x2  
  89  7:39  Barracks Reactor, Marauder, Marine  
  89  7:40  Combat Shields  
  92  7:51  SCV  
  92  7:52  SCV  
  92  7:55  Supply Depot  
  92  7:56  Terran Infantry Armor Level 1  
  93  8:02  Medivac  
  93  8:03  SCV, Medivac  
  99  8:09  Marine  
  100  8:15  SCV  
  100  8:16  Marauder  
  100  8:17  Supply Depot, Barracks Tech Lab  
  100  8:18  Barracks Reactor  
  102  8:24  SCV  
  102  8:26  Marine  
  104  8:27  Marine  
  105  8:39  Armory  
  105  8:40  Engineering Bay  
  105  8:41  Supply Depot  
  105  8:43  SCV  
  105  8:44  SCV  
  107  8:54  Orbital Command  
  107  8:55  SCV  
  107  8:56  SCV, Marauder  
  107  8:58  Marine  
  107  9:01  Marine  
  107  9:02  Marine  
  114  9:15  Marauder, Marine  
  107  9:18  Supply Depot, Medivac  
  107  9:20  Supply Depot  
  107  9:23  SCV x2  
  111  9:24  SCV  
  111  9:29  Marine, Marauder  
  111  9:30  Concussive Shells  
  115  9:34  Terran Infantry Weapons Level 2  
  115  9:35  SCV  
  115  9:36  SCV  
  117  9:39  Terran Vehicle And Ship Armor Level 1, Marine x2  
  117  9:41  SCV  
  120  9:46  Supply Depot  
  120  9:48  SCV  
  121  9:55  Starport, Fusion Core  
  121  9:56  Marauder, Marine  
  124  10:05  SCV  
  125  10:07  Liberator  
  125  10:08  Liberator  
  125  10:09  Marine  
  125  10:10  Marauder, Marine  
  129  10:15  Widow Mine  
  129  10:16  Marauder, Marine  
  129  10:17  SCV  
  129  10:20  Refinery x2  
  131  10:23  Supply Depot  
  131  10:24  Supply Depot  
  131  10:25  Marine  
  138  10:29  SCV  
  138  10:30  SCV  
  138  10:34  Starport Tech Lab  
  138  10:35  Marine  
  140  10:38  Marine x2  
  140  10:39  Marauder x2  
  147  10:43  SCV x2  
  147  10:47  Supply Depot  
  147  10:48  Marauder, Marine  
  147  10:49  Supply Depot  
  152  10:52  Advanced Ballistics  
  152  10:53  Marine  
  152  10:56  SCV, Marine x2  
  156  10:59  Marine  
  156  11:08  Marauder, Liberator x2, Marine  
  156  11:09  Marine  
  148  11:18  Marine  
  148  11:19  Marauder  
  148  11:20  Marine x2  
  148  11:23  Widow Mine x2  
  153  11:27  Marine  
  153  11:29  Marauder  
  156  11:34  Supply Depot  
  156  11:36  Marine  
  156  11:38  Marine x2  
  155  11:40  Marauder  
  155  11:45  Marine  
  152  11:59  Command Center  
  140  12:09  Medivac  
  140  12:10  Marauder, Marine  
  140  12:14  Marauder, Marine x2  
  146  12:23  Marine  
  146  12:24  Missile Turret, Marauder  
  146  12:25  SCV, Missile Turret  
  146  12:28  Marine  
  151  12:32  Marauder  
Show
View Real Time Build Order
Export as new Build Order

KiFirE Protoss 

Build Orders: Oracle Opening 

Get SALT Encoding   

  12  0:01  Probe (Chrono Boost)  
  13  0:11  Probe (Chrono Boost)  
  14  0:17  Pylon  
  14  0:22  Probe (Chrono Boost)  
  15  0:35  Gateway  
  15  0:38  Probe (Chrono Boost)  
  16  0:48  Probe (Chrono Boost)  
  17  0:51  Assimilator  
  17  0:56  Assimilator  
  17  0:59  Probe (Chrono Boost)  
  18  1:09  Probe (Chrono Boost)  
  19  1:20  Probe (Chrono Boost)  
  19  1:22  Cybernetics Core  
  20  1:30  Probe (Chrono Boost)  
  21  1:36  Pylon  
  21  1:41  Probe (Chrono Boost)  
  22  1:51  Probe (Chrono Boost)  
  23  1:59  Stargate  
  23  2:01  Adept (Chrono Boost)  
  25  2:04  Warp Gate (Chrono Boost)  
  25  2:10  Pylon  
  25  2:13  Gateway  
  25  2:21  Pylon  
  25  2:26  Mothership Core  
  26  2:33  Adept (Chrono Boost)  
  28  2:42  Gateway  
  28  3:01  Oracle (Chrono Boost)  
  31  3:21  Probe  
  31  3:57  Void Ray (Chrono Boost)  
  35  4:09  Pylon  
  35  4:10  Pylon  
  35  4:13  Stalker  
  35  4:15  Stalker  
  35  4:16  Stalker  
  35  4:36  Adept  
  37  4:39  Probe  
  38  4:48  Adept, Void Ray (Chrono Boost)  
  38  4:50  Zealot  
  46  4:57  Pylon  
  46  5:14  Probe  
  47  5:17  Adept x2  
  47  5:19  Sentry  
  53  5:37  Probe  
  53  5:39  Pylon  
  54  6:00  Probe  
  55  6:09  Nexus  
  53  6:24  Adept x3  
  55  6:30  Probe  
  56  6:38  Robotics Facility  
  52  7:10  Adept x3  
  58  7:22  Probe  
  58  7:23  Probe  
  58  7:26  Observer  
  58  7:27  Robotics Bay  
  61  7:32  Probe  
  61  7:35  Probe  
  63  7:39  Adept x2  
  63  7:48  Observer  
  63  7:51  Sentry  
  64  7:55  Probe  
  64  7:56  Probe  
  66  7:58  Pylon  
  66  8:13  Pylon  
  66  8:16  Probe, Disruptor (Chrono Boost)  
  66  8:19  Assimilator  
  70  8:24  Assimilator  
  70  8:30  Probe  
  70  8:31  Probe  
  72  8:36  Pylon  
  72  8:37  Pylon  
  72  8:38  Stalker  
  72  8:40  Probe  
  78  8:48  Disruptor (Chrono Boost)  
  78  8:58  Probe  
  78  9:00  Probe  
  78  9:02  Stalker x2  
  84  9:19  Probe  
  84  9:22  Pylon  
  85  9:30  Probe  
  85  9:31  Probe  
  90  9:46  Disruptor (Chrono Boost)  
  90  9:48  Sentry x2  
  90  9:49  Nexus  
  94  9:53  Pylon  
  94  9:55  Pylon  
  94  10:23  Colossus (Chrono Boost)  
  100  10:29  Extended Thermal Lance (Chrono Boost), Nexus  
  100  10:30  Pylon  
  100  10:49  Forge  
  100  10:51  Twilight Council  
  89  11:09  Warp Prism  
  89  11:11  Stalker x2  
  86  11:39  Probe x2  
  87  11:47  Stalker x2  
  89  11:51  Probe  
  72  12:08  Disruptor  
  75  12:16  Stalker x2  
  79  12:30  Probe x2  
Tags
 
Add a new tag
Caveats
  • Supply blocks, unpowered buildings, or Contaminate may cause inaccurate times.
  • Supply counts are checked every 10 seconds.